 Dungeon Crawl Stone Soup version 0.29-a0-8-g0446c0dae4 (webtiles) character file.

Game seed: 13479591560583243786

30 robertstho the Digger (level 2, 0/22 HPs)
             Began as a Demigod Earth Elementalist on Jan 27, 2022.
             Frozen to death by an endoplasm (4 damage)
             ... on level 2 of the Dungeon.
             The game lasted 00:01:45 (1515 turns).

robertstho the Digger (Demigod Earth Elementalist)  Turns: 1515, Time: 00:01:45

Health: 0/22       AC:  2    Str:  9    XL:     2   Next: 87%
Magic:  7/7        EV: 10    Int: 17    God:
Gold:   82         SH:  7    Dex: 14    Spells: 4/5 levels left

rFire   . . .      SeeInvis .   i - +1 dagger (drain)
rCold   . . .      Faith    .   e - +0 kite shield
rNeg    . . .      Spirit   .   b - +0 robe
rPois   .          Reflect  .   (no helmet)
rElec   .          Harm     .   (no cloak)
rCorr   .          Rampage  .   (no gloves)
Will    .....                   (no boots)
Stlth   ++........              (no amulet)
HPRegen 0.07/turn               (no ring)
MPRegen 0.10/turn               (no ring)

@: no status effects
A: high mp 1, forlorn, divine attributes
a: no special abilities


You were on level 2 of the Dungeon.
You visited 1 branch of the dungeon, and saw 2 of its levels.

You collected 82 gold pieces.

Inventory:

Hand Weapons
 f - a +0 short sword
 i - a +1 dagger of draining (weapon)
Missiles
 c - 46 stones
Armour
 b - a +0 robe (worn)
 e - a +0 kite shield (worn)
Jewellery
 l - a ring of willpower
Scrolls
 g - 2 scrolls of fog {unknown}
 h - 2 scrolls of enchant armour {unknown}
 j - a scroll of blinking {unknown}
 k - a scroll of teleportation {unknown}
Potions
 a - a potion of haste {unknown}
 d - a potion of brilliance
 m - a potion of berserk rage {unknown}
 n - a potion of might {unknown}


   Skills:
 * Level 0.7 Fighting
 + Level 0.4 Short Blades
 + Level 1.9 Dodging
 + Level 2.0 Stealth
 * Level 2.2 Spellcasting
 + Level 0.8 Transmutations
 * Level 3.0 Earth Magic


You had 4 spell levels left.
You knew the following spells:

 Your Spells              Type           Power      Damage    Failure   Level
a - Sandblast             Erth           24%        2d8       21%         1

Your spell library contained the following spells:

 Spells                   Type           Power      Damage    Failure   Level
 Passwall                 Tmut/Erth      6%         N/A       43%         2
 Stone Arrow              Conj/Erth      14%        3d7       73%         3
 Petrify                  Tmut/Erth      8%         N/A       97%         4


Dungeon Overview and Level Annotations

Branches:
Dungeon (2/15)


Innate Abilities, Weirdness & Mutations

You have an increased reservoir of magic. (+10% MP)
You shall have no god before yourself.
Your divine heritage dramatically boosts your attributes as you level up.


Message History

The goblin is severely wounded.
The goblin hits you with a +0 dagger.
You completely miss the goblin.
The goblin is severely wounded.
You block the goblin's attack.
You closely miss the goblin.
The goblin is severely wounded.
You block the goblin's attack.
You hit the goblin.
You kill the goblin!
You hit the dart slug but do no damage.
The dart slug bites you but does no damage.
You hit the dart slug but do no damage. You drain the dart slug.
The dart slug is moderately wounded.
The dart slug closely misses you.
You hit the dart slug but do no damage.
The dart slug is moderately wounded.
You hit the dart slug but do no damage.
The dart slug is moderately wounded.
The dart slug launches a dart at you. You block the slug dart.
You hit the dart slug.
The dart slug is heavily wounded.
The dart slug completely misses you.
You hit the dart slug.
The dart slug is severely wounded.
The dart slug launches a dart at you. The slug dart hits you.
* * * LOW HITPOINT WARNING * * *
You hit the dart slug. You drain the dart slug.
You kill the dart slug!
You hit the endoplasm.
The endoplasm is lightly wounded.
The endoplasm hits you.
* * * LOW HITPOINT WARNING * * *
You barely miss the endoplasm.
The endoplasm is lightly wounded.
The endoplasm freezes you.
You are frozen.
You die...

#.# #...# #.# #...#####
#.. .... #.######.......#
#...._..
...........###.###.#.....
#....#####.........#...
####.# #####.##..... #.#
#.........## #.#
#.##.###.###.#.# #.# #
#..@J........ #.#
#####.###.... #.# #... .
#.# ##### #.#


You could see an endoplasm.

Vanquished Creatures
  3 dart slugs
  3 ball pythons
  An endoplasm (D:1)
  2 giant cockroaches (D:1)
  6 goblins
  2 hobgoblins (D:1)
  A kobold (D:1)
  2 quokkas
  A bat (D:1)
  A frilled lizard (D:2)
  A rat (D:2)
23 creatures vanquished.

Notes
Turn   | Place    | Note
-------+----------+-------------------------------------------
     0 | D:1      | robertstho the Demigod Earth Elementalist began the quest
                  | for the Orb.
     0 | D:1      | Reached XP level 1. HP: 14/14 MP: 5/5
   396 | D:1      | Reached XP level 2. HP: 22/22 MP: 7/7
   466 | D:1      | Reached skill level 3 in Earth Magic
  1515 | D:2      | Frozen to death by an endoplasm

Illustrated notes

Levels and vault maps discovered:
D:1:      eino_arrival_cavern_a, layout_basic, minmay_tromino_v7
D:2:      layout_loops_ring, basic_altar

Skill      XL: |  1  2 |
---------------+-------+-----
Spellcasting   | 2 |  2.2
Earth Magic    | 3 |  3.0
Stealth        | 2 |  2.0
Fighting       | |  0.7
Short Blades   | |  0.4
Dodging        | |  1.9
Transmutations | |  0.8

Action                   || total
-------------------------++-------
Melee: Short sword       ||    13
       Dagger            ||    40
 Cast: Sandblast         ||     8
  Use: Scroll            ||     1
 Stab: Sleeping          ||     6
Armor: Robe              ||     7
Dodge: Dodged            ||    12
Block: Kite shield       ||    14

Table legend: (Time is in decaauts)
 A = Elapsed time spent in this place.
 B = Non-inter-level travel time spent in this place.
 C = Inter-level travel time spent in this place.
 D = Time resting spent in this place.
 E = Time spent auto-exploring this place.
 F = Levels seen in this place.
 G = Mean time per level.
                   A        B        C        D        E       F      G
               +--------+--------+--------+--------+--------+-----+--------+
         Total |   1525 |   1450 |     75 |      4 |   1243 |   2 |  762.5 |
       Dungeon |   1525 |   1450 |     75 |      4 |   1243 |   2 |  762.5 |
               +--------+--------+--------+--------+--------+-----+--------+

Top non-repeatable levels by time:
     D:1: 1021 daAuts
     D:2: 503 daAuts
